Map: Catalesque CE

Players

huanito

  • Race: Zerg Zerg
  • League: Master
  • Spawn Location: 11:00

fun

  • Race: Zerg Zerg
  • League: Platinum
  • Spawn Location: 11:00

Ekelpack - Winner!

  • Race: Zerg Zerg
  • Spawn Location: 5:00

Nyck - Winner!

  • Race: Terran Terran
  • League: Silver
  • Spawn Location: 5:00

VOD

Have the link to the VOD?

Description

Time

  • Played on: Oct. 23, 2024, 2:57 p.m.
  • Length: 5:17
Show
View Real Time Build Order
Export as new Build Order

huanito Zerg 

Build Orders: Hatch First 

Get SALT Encoding   

  12  1:21  Drone  
  12  1:22  Drone  
  12  1:24  Overlord  
  14  1:43  Hatchery  
  14  1:46  Spawning Pool  
  12  1:50  Drone  
  12  1:51  Drone  
  14  1:59  Extractor  
  13  2:06  Drone x2  
  15  2:11  Hatchery  
  15  2:15  Drone  
  15  2:26  Drone  
  16  2:33  Queen  
  18  2:45  Roach Warren  
  17  2:58  Drone x2  
  19  3:05  Extractor  
  18  3:06  Drone  
  18  3:07  Drone  
  18  3:08  Queen  
  18  3:09  Queen  
  24  3:22  Drone x2  
  24  3:23  Drone  
  27  3:31  Queen  
  29  3:35  Drone  
  29  3:40  Roach  
  32  3:46  Zergling x2  
  33  4:10  Drone  
  33  4:16  Overlord x4  
  34  4:43  Roach x2  
  34  4:44  Roach  
Show
View Real Time Build Order
Export as new Build Order

fun Zerg 

Build Orders: Hatch First 

Get SALT Encoding   

  12  0:00  Drone  
  13  0:12  Overlord  
  13  0:17  Drone  
  14  0:30  Drone x2  
  16  0:50  Hatchery  
  16  0:53  Drone  
  16  0:59  Drone x2  
  18  1:13  Spawning Pool  
  18  1:15  Extractor  
  18  1:18  Drone  
  17  1:21  Drone  
  18  1:28  Drone  
  19  1:38  Drone  
  20  1:52  Drone  
  21  2:01  Queen x2  
  21  2:02  Zergling x4  
  27  2:28  Metabolic Boost  
  27  2:31  Hatchery  
  27  2:32  Overlord  
  27  2:33  Drone x2  
  28  2:44  Overlord  
  28  2:50  Drone x4  
  32  2:55  Drone  
  32  2:56  Drone  
  34  3:10  Drone x7  
  41  3:15  Overlord  
  41  3:19  Overlord  
  41  3:23  Drone  
  42  3:35  Drone x2  
  44  3:46  Drone x9  
  53  3:55  Zergling x4  
  54  4:04  Zergling x2  
  55  4:10  Queen x3  
  61  4:17  Zergling x8  
  65  4:31  Zergling x10  
  61  4:35  Spine Crawler  
  32  4:57  Zergling x14  
Show
View Real Time Build Order
Export as new Build Order

Ekelpack Zerg - Winner!

Build Orders: Hatch First 

Get SALT Encoding   

  12  0:00  Drone  
  13  0:14  Overlord  
  13  0:18  Drone  
  14  0:32  Drone  
  15  0:46  Hatchery  
  15  0:49  Drone  
  15  1:05  Spawning Pool  
  15  1:06  Drone  
  15  1:10  Drone  
  16  1:13  Drone  
  16  1:16  Extractor  
  16  1:19  Drone  
  17  1:28  Overlord  
  17  1:51  Queen  
  19  1:57  Drone  
  19  1:58  Queen  
  19  1:59  Drone  
  23  2:06  Drone  
  24  2:11  Drone  
  25  2:16  Metabolic Boost  
  25  2:20  Zergling x2  
  26  2:34  Drone x2  
  28  2:43  Roach Warren  
  27  2:44  Drone x2  
  27  2:45  Drone  
  30  2:58  Zergling x6  
  33  3:10  Overlord  
  33  3:15  Zergling x6  
  35  3:30  Roach x4  
  35  3:32  Overlord  
  43  3:44  Overlord  
  43  3:58  Roach  
  43  3:59  Roach x3  
  51  4:05  Roach x3  
  57  4:32  Zergling x6, Overlord  
  57  4:33  Overlord x2  
  59  4:51  Overlord x2, Roach x3  
  59  4:52  Overlord  
  62  5:00  Zergling x2  
Show
View Real Time Build Order
Export as new Build Order

Nyck Terran - Winner!

Build Orders: 2 Factory, Hellion Opening 

Get SALT Encoding   

  12  0:01  SCV  
  13  0:13  SCV  
  14  0:20  Supply Depot  
  14  0:26  SCV  
  15  0:42  SCV, Barracks  
  16  0:50  Refinery  
  16  0:53  Refinery  
  16  0:54  SCV  
  17  1:07  SCV  
  18  1:19  SCV  
  19  1:31  Supply Depot  
  19  1:34  Orbital Command  
  19  1:37  Factory  
  19  1:45  Barracks Reactor  
  19  2:02  SCV  
  19  2:05  Supply Depot  
  20  2:09  Factory  
  20  2:15  SCV  
  21  2:28  SCV  
  22  2:30  Hellion  
  22  2:32  Hellion  
  26  2:40  SCV  
  26  2:43  Armory  
  27  2:52  Hellion  
  27  2:55  Factory Tech Lab  
  29  3:05  Hellion  
  31  3:08  SCV  
  32  3:12  Marine  
  32  3:14  Infernal Pre-Igniter  
  33  3:22  SCV  
  34  3:29  Hellion x2  
  38  3:39  Supply Depot  
  38  3:44  SCV  
  39  4:01  SCV  
  40  4:04  Supply Depot  
  40  4:11  Supply Depot  
  40  4:18  Hellion  
  40  4:19  Hellion  
  40  4:20  Command Center  
Tags
 
Add a new tag
Caveats
  • Supply blocks, unpowered buildings, or Contaminate may cause inaccurate times.
  • Supply counts are checked every 10 seconds.